 Dungeon Crawl Stone Soup version 0.32-a0-460-gc8eefc90e7 (webtiles) character file.

Game seed: 4870097946128680678

72 Morbidden the Sneak (level 4, 0/34 HPs)
             Began as a Formicid Brigand on Feb 24, 2024.
             Slain by an orc
             ... wielding a +0 flail
              (2 damage)
             ... on level 3 of the Dungeon.
             The game lasted 00:01:38 (1574 turns).

Morbidden the Sneak (Formicid Brigand)              Turns: 1574, Time: 00:01:39

Health: 0/34       AC:  4    Str: 16    XL:     4   Next: 48%
Magic:  4/4        EV: 11    Int: 10    God:
Gold:   116        SH:  0    Dex: 17    Spells: 3/3 levels left

rFire   . . .        a - +2 dagger
rCold   . . .        (no shield)
rNeg    . . .        p - +0 leather armour
rPois   .            (helmet unavailable)
rElec   .            c - +0 cloak
rCorr   .            (no gloves)
SInv    +            (no boots)
Will    .....        (no amulet)
Stlth   +++          (no ring)
HPRegen 0.25/turn    (no ring)
MPRegen 0.09/turn

%: no passive effects
@: no status effects
A: permanent stasis, dig shafts and tunnels, antennae 3, four strong arms
a: Dig, Shaft Self


You were on level 3 of the Dungeon.
You visited 1 branch of the dungeon, and saw 4 of its levels.

You collected 116 gold pieces.

Inventory:

Hand Weapons
 a - a +2 dagger (weapon)
Missiles
 d - 4 poisoned darts (quivered)
 e - 3 curare-tipped darts
 f - 6 javelins
Armour
 c - a +0 cloak (worn)
 p - a +0 leather armour (worn)
Talismans
 m - a talisman of death
Scrolls
 b - a scroll of teleportation {unknown}
 g - 2 scrolls of noise {unknown}
 j - a scroll of enchant armour {unknown}
 k - a scroll of blinking {unknown}
 n - a scroll of identify {unknown}
 q - a scroll of torment {unknown}
Potions
 h - 3 potions of curing {unknown}
 i - a potion of attraction {unknown}
 l - 2 potions of haste {unknown}
 o - a potion of heal wounds {unknown}
 r - a potion of degeneration {unknown}


   Skills:
 * Level 2.7 Fighting
 + Level 2.2(2.5) Short Blades
 * Level 1.4(2.1) Long Blades
 + Level 2.0 Throwing
 * Level 1.2 Armour
 * Level 1.1 Dodging
 + Level 5.6 Stealth
 * Level 0.3 Shapeshifting


You had 3 spell levels left.
You didn't know any spells.
Your spell library was empty.

Dungeon Overview and Level Annotations

Branches:
Dungeon (4/15)
 Temple: D:4-7

Altars:


Innate Abilities, Weirdness & Mutations

You cannot be hasted, slowed, berserked, paralysed or teleported.
You can dig through walls and to a lower floor.
You have a pair of large antennae on your head. (SInv)
Your four strong arms can wield two-handed weapons with a shield.


Message History

You hit the orc.
You kill the orc!
Unknown command.
You closely miss the orc. The orc hits you with a +0 falchion!
The orc attacks as it pursues you! The orc closely misses you.
You closely miss the orc. The orc closely misses you.
You hit the orc.
The orc is moderately wounded.
The orc closely misses you.
You completely miss the orc.
The orc is moderately wounded.
The orc hits you but does no damage.
You closely miss the orc.
The orc is moderately wounded.
The orc hits you with a +0 falchion.
You barely miss the orc.
The orc is moderately wounded.
You closely miss the orc.
The orc is moderately wounded.
The orc barely misses you.
You hit the orc.
The orc is almost dead.
The orc hits you with a +0 falchion.
You closely miss the orc.
The orc is almost dead.
The orc hits you but does no damage.
You hit the orc.
You kill the orc!
You barely miss the orc. The orc barely misses you.
You barely miss the orc. You completely miss the orc.
The orc hits you with a +0 flail.
* * * LOW HITPOINT WARNING * * *
You hit the orc.
The orc is moderately wounded.
The orc hits you with a +0 flail.
* * * LOW HITPOINT WARNING * * *
You hit the orc.
The orc is severely wounded.
The orc hits you with a +0 flail.
You die...

# .....#
#......''...........#
......
#......##....#......#
......
#......#.....'......#
......#
#......#.#####......#
....... #......#.#
#......# .......
#.######.# ########
#.....##.# #.#
#.....(..######.#
#........)o@....#
((.....>.######..#
########.# # #.# #.#
#.# #.# ..#


You could see an orc.

Vanquished Creatures
  An orc wizard (D:3)
  A ribbon worm (D:2)
  2 dart slugs (D:1)
  2 orcs (D:3)
  3 ball pythons (D:1)
  5 bats
  2 endoplasms (D:1)
  A giant cockroach (D:1)
  5 goblins
  3 hobgoblins
  4 kobolds (D:1)
  2 quokkas
  A frilled lizard (D:1)
  2 rats (D:1)
34 creatures vanquished.

Notes
Turn   | Place    | Note
-------+----------+-------------------------------------------
     0 | D:1      | Morbidden the Formicid Brigand began the quest for the Orb.
     0 | D:1      | Reached XP level 1. HP: 16/16 MP: 1/1
    29 | D:1      | Reached skill level 1 in Dodging
    29 | D:1      | Reached skill level 5 in Stealth
    30 | D:1      | Reached XP level 2. HP: 22/22 MP: 2/2
   451 | D:1      | Reached skill level 1 in Long Blades
   470 | D:1      | Reached XP level 3. HP: 28/28 MP: 3/3
  1123 | D:2      | You fall into a shaft and drop 2 floors!
  1462 | D:3      | Reached skill level 1 in Armour
  1554 | D:3      | Reached XP level 4. HP: 22/34 MP: 4/4
  1574 | D:3      | Slain by an orc

Illustrated notes

Levels and vault maps discovered:
D:1:      dpeg_arrival_arbitrary_b, layout_loops_corners, hangedman_glass_teeth,
          minmay_split_cup_small
D:2:      layout_basic, uniq_terence
D:3:      minmay_wonky_spiral, layout_basic, kennysheep_generic_room_8
D:4:      wad_lake_hut, layout_basic, minmay_temple_entry_fiery,
          nicolae_custom_books

Skill      XL: |  1  2  3 |
---------------+----------+-----
Dodging        | 1 |  1.1
Stealth        | 5 |  5.6
Long Blades    | 1 |  1.4
Armour         | 1 |  1.2
Fighting       | |  2.7
Short Blades   | |  2.2
Throwing       | |  2.0
Shapeshifting  | |  0.3

Action                     |  1- 3 |  4- 6 || total
---------------------------+-------+-------++-------
  Melee: Dagger            |    67 |    19 ||    86
  Throw: Dart              |     5 |       ||     5
Ability: Shaft Self        |     1 |       ||     1
   Stab: Sleeping          |    13 |       ||    13
         Distracted        |     1 |       ||     1
 Armour: Robe              |    22 |       ||    22
         Leather armour    |    18 |    10 ||    28
  Dodge: Dodged            |    20 |     7 ||    27

Table legend: (Time is in decaauts)
 A = Elapsed time spent in this place.
 B = Non-inter-level travel time spent in this place.
 C = Inter-level travel time spent in this place.
 D = Time resting spent in this place.
 E = Time spent auto-exploring this place.
 F = Levels seen in this place.
 G = Mean time per level.
                   A        B        C        D        E       F      G
               +--------+--------+--------+--------+--------+-----+--------+
         Total |   1563 |   1517 |     46 |    302 |    918 |   4 |  390.8 |
       Dungeon |   1563 |   1517 |     46 |    302 |    918 |   4 |  390.8 |
               +--------+--------+--------+--------+--------+-----+--------+

Top non-repeatable levels by time:
     D:1: 1007 daAuts
     D:4: 307 daAuts
     D:3: 138 daAuts
     D:2: 109 daAuts
